 Dungeon Crawl Stone Soup version 0.28-a0-1087-gf3fc490d9d (webtiles) character file.

Game seed: 6612102880437729435

561 kae the Magician (level 7, -2/50 HPs)
             Began as a Djinni Fire Elementalist on Dec 10, 2021.
             Was an Initiate of Ru.
             Slain by a killer bee (8 damage)
             ... on level 5 of the Dungeon.
             The game lasted 00:07:28 (8093 turns).

kae the Magician (Djinni Fire Elementalist)         Turns: 8093, Time: 00:07:28

Health: -2/50      AC:  3    Str:  7    XL:     7   Next: 57%
Gold:   143        EV: 13    Int: 19    God:    Ru [......] SH:  0 Dex: 13

rFire   + + .      SeeInvis .   (no weapon)
rCold   x . .      Faith    .   (no shield)
rNeg    . . .      Spirit   .   a - +1 robe
rPois   ∞          Reflect  .   (no helmet)
rElec   .          Harm     .   (no cloak)
rCorr   .          Rampage  .   (no gloves)
Will    .....                   (boots unavailable)
Stlth   ++........              (no amulet)
HPRegen 0.16/turn               (no ring)
MPRegen 0.00/turn               (no ring)

@: about to teleport, flying
A: sickness immunity, fire resistance 2, cold vulnerability 1, float, innate
caster, hp casting, extra vitality 1
a: Renounce Religion


You were on level 5 of the Dungeon.
You worshipped Ru.
Ru was noncommittal.
You visited 2 branches of the dungeon, and saw 6 of its levels.
You also visited: Sewer.

You collected 143 gold pieces.

Inventory:

Missiles
 j - a throwing net
Armour
 a - a +1 robe (worn)
Jewellery
 c - a ring of see invisible
 d - an amulet of the acrobat
 m - a ring of positive energy
Potions
 b - 2 potions of curing
 e - a potion of mutation {unknown}
 f - a potion of might {unknown}
 g - a potion of attraction {unknown}
 h - a potion of brilliance {unknown}


   Skills:
 + Level 3.4 Fighting
 + Level 4.5 Dodging
 - Level 1.5 Stealth
 * Level 4.8 Spellcasting


You couldn't memorise any spells.
You knew the following spells:

 Your Spells              Type           Power      Damage    Failure   Level
a - Foxfire               Conj/Fire      88%        2x1d8     1%          1
b - Scorch                Fire           44%        2d7       2%          2
c - Conjure Flame         Conj/Fire      22%        6-21      5%          3
d - Inner Flame           Hex/Fire       22%        N/A       5%          3
e - Flame Wave            Conj/Fire      22%        2d6       17%         4
f - Slow                  Hex            88%        N/A       1%          1
g - Searing Ray           Conj           44%        2d6       2%          2
h - Passwall              Tmut/Erth      18%        N/A       2%          2
Your spell library was empty.

Dungeon Overview and Level Annotations

Branches:
Dungeon (5/15)             Temple (1/1) D:4           Sewer (visited)

Altars:
Ashenzari
Elyvilon
Gozag
Hepliaklqana
Kikubaaqudgha
Makhleb
Nemelex Xobeh
Qazlal
Ru
Sif Muna
Trog
Uskayaw
Vehumet
Wu Jian
Xom
Yredelemnul
Zin
The Shining One

Shops:
D:2 !

Annotations:
D:4 1 runed translucent door, Crazy Yiuf, Pikel


Innate Abilities, Weirdness & Mutations

You are immune to sickness and miasma.
You are immune to poison.
Your flesh is very heat resistant. (rF++)
You are vulnerable to cold. (rC-)
You float through the air rather than walking.
You learn spells naturally, not from books.
Your magical power is your life essence.
You have superior vitality. (+4 HP)


Message History

You conjure some foxfire!
The shadow imp shouts, "Get thee gone, thou reeling-ripe milk-livered flax-wench!"
The foxfire hits the shadow imp.
The shadow imp is lightly wounded.
The foxfire hits the shadow imp.
The shadow imp is lightly wounded.
An orc comes into view. It is wielding a +0 mace.
You hit the shadow imp but do no damage.
The shadow imp is lightly wounded.
The shadow imp barely misses you.
You closely miss the shadow imp.
The shadow imp is lightly wounded.
The shadow imp completely misses you.
Casting: Foxfire (safe; 1% risk of failure)
Confirm with . or Enter, or press ? or * to list all spells.
Flames lash the shadow imp.
The shadow imp is moderately wounded.
The shadow imp's fire resistance burns away.
The killer bee closely misses you. The shadow imp hits you.
The killer bee stings you. The killer bee stings you.
The shadow imp gestures at you. Pain shoots through your body!
The killer bee stings you.
Casting: Scorch (safe; 2% risk of failure)
Confirm with . or Enter, or press ? or * to list all spells.
Flames lash the orc.
The orc is severely wounded.
The orc's fire resistance burns away.
The shadow imp is no longer more vulnerable to fire.
The killer bee misses you. The shadow imp misses you.
The killer bee stings you!
* * * LOW HITPOINT WARNING * * *
The killer bee stings you.
* * * LOW HITPOINT WARNING * * *
The shadow imp barely misses you. The killer bee barely misses you.
Okay, then.
Okay, then.
As you read the scroll of teleportation, it crumbles to dust.
You feel strangely unstable. The killer bee stings you!
You die...

######
#....#
#....#
#....#
#....####...
#....†......
#..y.#######
#.@5....#
#>o..##...y.
#....# #...
#....# ..
###... #....
#..... ...
....... ...
#..


You could see a killer bee, a shadow imp and an orc (combustible).

Vanquished Creatures
  An ogre (D:4)
  A kobold brigand (Sewer)
  A hound (D:5)
  2 orc priests (D:4)
  A centaur skeleton (D:4)
  2 iguanas (D:4)
  3 orc wizards (D:4)
  A hound skeleton (D:4)
  2 adders
  2 river rats
  An ufetubus (D:4)
  4 worms
  A dart slug (D:1)
  7 orcs
  5 ball pythons
  A bat (D:1)
  9 endoplasms
  A giant cockroach (D:1)
  14 goblins
  9 hobgoblins
  2 jackals (Sewer)
  A quokka (D:3)
  4 frilled lizards
  13 kobolds
  12 rats
100 creatures vanquished.

Vanquished Creatures (others)
  232 foxfires
232 creatures vanquished.

Grand Total: 332 creatures vanquished

Notes
Turn   | Place    | Note
-------+----------+-------------------------------------------
     0 | D:1      | kae the Djinni Fire Elementalist began the quest for the
                  | Orb.
     0 | D:1      | Reached XP level 1. HP: 15/15 MP: 0/0
   570 | D:1      | Reached XP level 2. HP: 19/22 MP: 0/0
  1290 | D:1      | Reached skill level 1 in Fighting
  1290 | D:1      | Reached XP level 3. HP: 24/27 MP: 0/0
  1290 | D:1      | Learned a level 1 spell: Slow
  2007 | D:2      | Reached XP level 4. HP: 22/32 MP: 0/0
  2148 | D:2      | Found Woadarr's Distillery.
  2555 | D:2      | Found a faded altar of an unknown god.
  3376 | D:3      | Found a glowing drain.
  3501 | Sewer    | Entered a sewer
  3526 | Sewer    | Reached XP level 5. HP: 6/38 MP: 0/0
  3526 | Sewer    | Learned a level 2 spell: Searing Ray
  3877 | Sewer    | Noticed a kobold brigand
  3887 | Sewer    | Killed a kobold brigand
  3942 | Sewer    | Found a white marble altar of Elyvilon.
  4010 | D:3      | Reached XP level 6. HP: 38/44 MP: 0/0
  5155 | D:3      | Found a bloodstained altar of Trog.
  6375 | D:4      | Found a runed translucent door.
  6375 | D:4      | Noticed Pikel
  6376 | D:4      | Identified the +10 mace of the Evening {drain, Contam rN+++
                  | Int-3 SInv}
  6376 | D:4      | Noticed Crazy Yiuf
  6429 | D:4      | Found a shimmering altar of Xom.
  6501 | D:4      | Noticed an ogre
  6509 | D:4      | Killed an ogre
  6510 | D:4      | Reached XP level 7. HP: 45/50 MP: 0/0
  6510 | D:4      | Learned a level 2 spell: Passwall
  6870 | D:4      | Found a staircase to the Ecumenical Temple.
  6877 | D:4      | HP: 2/50 [ufetubus (1)]
  7269 | D:4      | Found a stormy altar of Qazlal.
  7358 | D:4      | Found a white marble altar of Elyvilon.
  7598 | D:5      | Entered Level 5 of the Dungeon
  7629 | Temple   | Entered the Ecumenical Temple
  7881 | Temple   | Became a worshipper of Ru the Awakened
  8093 | D:5      | Slain by a killer bee

Illustrated notes

Levels and vault maps discovered:
D:1:      dpeg_arrival_tiny_d, layout_loops_corners
D:2:      layout_loops_corners, shapermc_ecumenical_altar_hornbeckon,
          serial_shops, nicolae_shop_behind_doors
D:3:      layout_basic, trog_hazing_becter, lightli_sewer_entry_pipes,
          dk_noncrumbling_3
D:4:      layout_loops_ring, minitemple, mainiacjoe_overflow_swirl,
          minmay_temple_entry_proselytizer, uniq_crazy_yiuf_cottage, uniq_pikel
D:5:      cheibrodos_fzero, layout_rooms, grunt_dithmenos_smoke_and_mirrors
Temple:   nicolae_temple_figure_eight

Skill      XL: |  1  2  3  4  5  6 |
---------------+-------------------+-----
Fighting       | 1 2 3 |  3.4
Spellcasting   | 3 4 |  4.8
Dodging        | 3 4 |  4.5
Stealth        | |  1.5

Action                   |  1- 3 |  4- 6 |  7- 9 || total
-------------------------+-------+-------+-------++-------
Melee: Unarmed           |    13 |    10 |     2 ||    25
 Cast: Foxfire           |    42 |    77 |    25 ||   144
       Scorch            |    14 |    22 |    13 ||    49
       Conjure Flame     |       |    28 |       ||    28
  Use: Scroll            |     2 |     5 |     3 ||    10
       Potion            |       |       |     1 ||     1
Armor: Robe              |     2 |    22 |     7 ||    31
Dodge: Dodged            |    23 |    63 |    24 ||   110

Table legend: (Time is in decaauts)
 A = Elapsed time spent in this place.
 B = Non-inter-level travel time spent in this place.
 C = Inter-level travel time spent in this place.
 D = Time resting spent in this place.
 E = Time spent auto-exploring this place.
 F = Levels seen in this place.
 G = Mean time per level.
                   A        B        C        D        E       F      G
               +--------+--------+--------+--------+--------+-----+--------+
         Total |   8096 |   7722 |    374 |   1196 |   5672 |   7 | 1156.6 |
       Dungeon |   7357 |   7036 |    321 |   1170 |   5099 |   5 | 1471.4 |
        Temple |    262 |    209 |     53 |      0 |    207 |   1 |  262.0 |
         Sewer |    475 |    475 |      0 |     26 |    366 |   1 |  475.0 |
               +--------+--------+--------+--------+--------+-----+--------+

Top non-repeatable levels by time:
     D:3: 2592 daAuts
     D:1: 1789 daAuts
     D:4: 1711 daAuts
     D:2: 1200 daAuts
   Sewer: 475 daAuts
  Temple: 262 daAuts
     D:5: 64 daAuts
